 Dungeon Crawl Stone Soup version 0.26-a0-651-gb41185065b (webtiles) character file.

Game seed: 8848644786392003324

261 tilp the Vexing (level 5, 0/24 HPs)
             Began as a Spriggan Enchanter on Oct 24, 2020.
             Slain by a human skeleton (4 damage)
             ... on level 4 of the Dungeon.
             The game lasted 00:07:26 (5185 turns).

tilp the Vexing (Spriggan Enchanter)                Turns: 5185, Time: 00:07:27

Health: 0/24       AC:  3    Str:  4    XL:     5   Next: 96%
Magic:  4/10       EV: 18    Int: 18    God:
Gold:   137        SH:  0    Dex: 16    Spells: 3/9 levels left

rFire    . . .     SeeInvis +   a - +1 dagger
rCold    . . .     Faith    .   (shield restricted)
rNeg     . . .     Spirit   .   b - +1 robe
rPois    .         Reflect  .   (helmet restricted)
rElec    .         Harm     .   (no cloak)
rCorr    .         Rampage  .   (gloves unavailable)
MR       .....                  (boots unavailable)
Stlth    +++++.....             (no amulet)
HPRegen  0.08/turn              c - ring of stealth
MPRegen  0.12/turn              m - ring of stealth

@: very slightly contaminated, very quick
A: very small, unfitting armour, see invisible, speed 3
a: no special abilities


You were on level 4 of the Dungeon.
You visited 1 branch of the dungeon, and saw 4 of its levels.

You collected 137 gold pieces.

Inventory:

Hand Weapons
 a - a +1 dagger (weapon)
Missiles
 u - 6 poisoned darts (quivered)
Armour
 b - a +1 robe (worn)
Jewellery
 c - a ring of stealth (left hand)
 m - a ring of stealth (right hand)
 r - an uncursed ring of flight
Wands
 n - a wand of random effects (10)
Scrolls
 d - a scroll of remove curse
 q - a scroll of immolation {unknown}
 s - 2 scrolls of enchant armour
Potions
 g - a potion of degeneration {unknown}
 j - 2 potions of heal wounds
 k - a potion of stabbing {unknown}
 l - a potion of flight {unknown}
 o - 5 potions of curing
 p - 2 potions of lignification {unknown}


   Skills:
 + Level 4.2 Short Blades
 - Level 3.0 Dodging
 - Level 4.4 Stealth
 - Level 2.6 Spellcasting
 + Level 5.8 Hexes
 + Level 3.0 Evocations


You had 3 spell levels left.
You knew the following spells:

 Your Spells              Type           Power        Failure   Level
a - Corona                Hex            ###....      1%          1
b - Ensorcelled Hibernat  Hex/Ice        ##....       8%          2
c - Confusing Touch       Hex            ###.....     4%          3

Your spell library contained the following spells:

 Spells                   Type           Power        Failure   Level
 Tukima's Dance           Hex            ###.....     4%          3
 Dazzling Flash           Conj/Hex       ##....       16%         3


Dungeon Overview and Level Annotations

Branches:
Dungeon (4/15)
 Temple: D:4-7

Altars:
Fedhas

Portals:
Ossuary: D:4


Innate Abilities, Weirdness & Mutations

You are very small and have problems with some larger weapons.
You are too small for most types of armour.
You have supernaturally acute eyesight. (SInv)
You cover ground extremely quickly.


Message History

You barely miss the human skeleton.
The human skeleton is severely damaged.
The human skeleton misses you.
Casting: Confusing Touch (quite dangerous; 4% risk of failure)
Confirm with . or Enter, or press ? or * to list all spells.
The spell is quite dangerous to cast (4% risk of failure)!
Continue anyway?
You miscast Confusing Touch.
You are very lightly contaminated with residual magic.
Nothing appears to happen.
The human skeleton hits you.
* * * LOW HITPOINT WARNING * * *
You hit the human skeleton.
The human skeleton is severely damaged.
The human skeleton hits you.
* * * LOW HITPOINT WARNING * * *
You hit the human skeleton.
The human skeleton is severely damaged.
You hit the human skeleton.
The human skeleton is severely damaged.
The human skeleton hits you.
You die...

####### #.'...#
#.###'#+#
#.#.'...+
#.###...#
#.#.'...+
#.###'#@# #.#
+.#Z+ #.# ########
#.# #..##.#
#.####.#.#.###.##
#.....###<........
######.#.######.#.
#.# #.#


You could see a human skeleton.

Vanquished Creatures
  An elf skeleton (D:4)
  An orc priest (D:3)
  A human skeleton (D:4)
  A gnoll (D:1)
  4 adders
  2 oozes (D:1)
  An adder skeleton (D:2)
  3 dart slugs
  A leopard gecko (D:2)
  5 orcs (D:3)
  A ball python (D:1)
  6 bats
  4 giant cockroaches
  8 goblins
  7 hobgoblins
  12 jackals
  2 quokkas (D:2)
  2 frilled lizards
  8 kobolds
  An orc skeleton (D:4)
  4 rats
75 creatures vanquished.

Vanquished Creatures (others)
  3 fungi (D:3)
  5 plants
  5 toadstools (D:1)
13 creatures vanquished.

Grand Total: 88 creatures vanquished

Notes
Turn   | Place    | Note
-------+----------+-------------------------------------------
     0 | D:1      | tilp the Spriggan Enchanter began the quest for the Orb.
     0 | D:1      | Reached XP level 1. HP: 9/9 MP: 5/5
   733 | D:1      | Reached skill level 4 in Hexes
   949 | D:1      | Reached XP level 2. HP: 7/13 MP: 4/6
  1102 | D:1      | Learned a level 2 spell: Ensorcelled Hibernation
  1464 | D:1      | Reached XP level 3. HP: 14/16 MP: 2/8
  1469 | D:1      | Learned a level 3 spell: Confusing Touch
  2376 | D:2      | Reached XP level 4. HP: 17/21 MP: 2/9
  2543 | D:2      | Reached skill level 5 in Hexes
  3317 | D:2      | Reached skill level 1 in Evocations
  4302 | D:3      | Reached XP level 5. HP: 24/24 MP: 7/10
  5021 | D:3      | Found a blossoming altar of Fedhas.
  5178 | D:4      | Found a sand-covered staircase.
  5185 | D:4      | Slain by a human skeleton

Illustrated notes

Levels and vault maps discovered:
D:1:      ldierk_walled_garden, layout_basic, minmay_misc_feat_encased,
          minmay_pentomino_v2
D:2:      layout_rooms, grunt_decor_resistance
D:3:      layout_basic, minmay_misc_feat_x, fedhas_altar_3
D:4:      layout_loops_ring, gammafunk_ghost_stat_death,
          nicolae_ossuary_entry_catacombs, cheibrodos_sewer_entry_sluice,
          kb_xom_exploding_sheep

Skill      XL: |  1  2  3  4  5 |
---------------+----------------+-----
Hexes          | 4 5 |  5.8
Short Blades   | 2 3 4 |  4.2
Evocations     | 1 3 |  3.0
Dodging        | |  3.0
Stealth        | |  4.4
Spellcasting   | |  2.6

Action                   |  1- 3 |  4- 6 || total
-------------------------+-------+-------++-------
Melee: Dagger            |   103 |   171 ||   274
 Cast: Corona            |     6 |       ||     6
       Ensorcelled Hiber |    20 |    50 ||    70
       Confusing Touch   |       |     2 ||     2
Evoke: Wand              |       |     3 ||     3
  Use: Scroll            |     1 |     6 ||     7
 Stab: Sleeping          |    15 |    33 ||    48
       Confused          |       |     3 ||     3
Armor: Robe              |    14 |    13 ||    27
Dodge: Dodged            |    70 |   131 ||   201

Table legend: (Time is in decaauts)
 A = Elapsed time spent in this place.
 B = Non-inter-level travel time spent in this place.
 C = Inter-level travel time spent in this place.
 D = Time resting spent in this place.
 E = Time spent auto-exploring this place.
 F = Levels seen in this place.
 G = Mean time per level.
                   A        B        C        D        E       F      G
               +--------+--------+--------+--------+--------+-----+--------+
         Total |   4240 |   4159 |     81 |   1870 |   1528 |   4 | 1060.0 |
       Dungeon |   4240 |   4159 |     81 |   1870 |   1528 |   4 | 1060.0 |
               +--------+--------+--------+--------+--------+-----+--------+

Top non-repeatable levels by time:
     D:1: 2264 daAuts
     D:2: 1101 daAuts
     D:3: 825 daAuts
     D:4: 50 daAuts
